 Dungeon Crawl Stone Soup version 0.17.2-1-ge4368a0 (webtiles) character file.

134174 mopl the Destroyer (level 16, -19/127 HPs)
             Began as a Grey Draconian Wizard on Apr 30, 2017.
             Was the Champion of Sif Muna.
             Demolished by a dire elephant (28 damage)
             ... on level 8 of the Lair of Beasts on May 2, 2017.
             The game lasted 02:36:51 (40547 turns).

mopl the Destroyer (Grey Draconian Wizard)         Turns: 40547, Time: 02:36:51

Health: -19/127    AC: 19    Str: 13    XL:     16   Next: 61%
Magic:  1/31       EV: 19    Int: 21    God:    Sif Muna [******]
Gold:   1973       SH:  0    Dex: 16    Spells: 10 memorised, 1 level left

rFire  . . .     SeeInvis .     F - +5 quarterstaff (chaos)
rCold  . . .     Clarity  .     (armour unavailable)
rNeg   + . .     SustAt   +     (shield currently unavailable)
rPois  .         Gourm    +     y - +0 hat of Shadows and Fog {+Inv rCorr}
rElec  +         Spirit   .     i - +1 cloak
rCorr  +         Warding  .     k - +0 pair of gloves
rMut   .         Stasis   .     R - +1 pair of boots {Fly}
MR     +++..                    l - amulet of the gourmand
Stlth  ++........               E - ring of protection from magic
                                T - ring of Edeom {SustAt rN+ Dex+3}

@: flying, regenerating, repel missiles, extremely resistant to hostile
enchantments, unstealthy
A: walk through water, unfitting armour, magic resistance 1, electricity
resistance, strong 1, unbreathing, cold-blooded, AC +14
a: Channel Energy, Forget Spell, Renounce Religion, Evoke Invisibility, Stop
Flying


You were on level 8 of the Lair of Beasts.
You worshipped Sif Muna.
Sif Muna was exalted by your worship.
You were not hungry.

You visited 4 branches of the dungeon, and saw 28 of its levels.
You also visited: Labyrinth, Ice Cave and Volcano.

You collected 3321 gold pieces.
You spent 1348 gold pieces at shops.

Inventory:

Hand Weapons
 b - a +0 blowgun
 F - a +5 quarterstaff of chaos (weapon)
 N - the +6 falchion "Ifeur" {drain, *Corrode rF+ rC+++ Dex-4}
   (You found it on level 6 of the Dungeon)

   A truly terrible weapon, it drains the life of those it strikes.
   It affects your dexterity (-4).
   It protects you from fire.
   It renders you almost immune to cold.
   It may corrode your equipment when you take damage.
Missiles
 o - a throwing net (quivered)
 O - 13 curare-tipped needles
Armour
 i - a +1 cloak (worn)
 k - a +0 pair of gloves (worn)
 y - the +0 hat of Shadows and Fog (worn) {+Inv rCorr}
   (You acquired it on level 11 of the Dungeon)

   It lets you turn invisible.
   It protects you from acid and corrosion.
 R - a +1 pair of boots of flying (worn)
Magical Staves
 a - an uncursed staff of conjuration {!a}
Jewellery
 l - an amulet of the gourmand (around neck)
 m - an uncursed ring of see invisible
 v - an uncursed ring of protection from fire
 E - a ring of protection from magic (right hand)
 T - the ring of Edeom (left hand) {SustAt rN+ Dex+3}
   (You found it on level 4 of the Lair of Beasts)

   [ring of sustain attributes]

   It sustains your strength, intelligence and dexterity.
   It affects your dexterity (+3).
   It protects you from negative energy.
Wands
 p - a wand of paralysis (21)
 q - a wand of confusion (21)
 r - a wand of polymorph (13)
 s - a wand of disintegration (17)
 t - a wand of enslavement (9)
 A - a wand of cold (1)
 M - a wand of digging (15)
 P - a wand of lightning (1)
Scrolls
 f - 9 scrolls of teleportation
 g - 4 scrolls of fear
 w - 11 scrolls of remove curse
 x - 2 scrolls of summoning
 J - a scroll of blinking
 U - 2 scrolls of magic mapping
 V - 4 scrolls of silence {!r}
Potions
 d - 6 potions of haste
 e - 4 potions of brilliance
 j - 6 potions of ambrosia
 z - 3 potions of invisibility
 B - 2 potions of resistance
 C - 4 potions of curing
 G - 5 potions of magic
 H - 3 potions of cancellation
 I - a potion of berserk rage {!q}
 S - 5 potions of lignification {!q}
 W - 5 potions of might
 X - 3 potions of agility
 Y - 3 potions of heal wounds
Miscellaneous
 h - a phial of floods
 K - a lamp of fire
 Z - a fan of gales
Comestibles
 c - 15 bread rations


   Skills:
 - Level 7.7 Fighting
 + Level 11.8 Staves
 + Level 9.6 Dodging
 - Level 1.7 Stealth
 + Level 11.2 Spellcasting
 + Level 13.4 Conjurations
 - Level 3.0 Charms
   Level 1.0 Summonings
 - Level 3.0 Necromancy
 - Level 5.0 Translocations
 * Level 12.9 Ice Magic
 + Level 6.1 Air Magic
 - Level 9.2 Invocations


You had one spell level left.
You knew the following spells:

 Your Spells              Type           Power        Failure   Level  Hunger
a - Throw Icicle          Conj/Ice       ######..     1%          4    #......
b - Freezing Cloud        Conj/Ice/Air   ######....   12%         6    ######.
c - Conjure Flame         Conj/Fire      #####...     1%          3    None
d - Mephitic Cloud        Conj/Pois/Air  #####...     1%          3    None
e - Blink                 Tloc           N/A          1%          2    None
f - Force Lance           Conj/Tloc      ######..     1%          4    #......
g - Bolt of Cold          Conj/Ice       ######....   4%          6    ######.
i - Repel Missiles        Chrm/Air       ####..       1%          2    None
r - Regeneration          Chrm/Necr      ###.......   6%          3    None
s - Ozocubu's Armour      Chrm/Ice       #####...     1%          3    None


Dungeon Overview and Level Annotations

Branches:
Dungeon (15/15)            Temple (1/1) D:5            Lair (8/8) D:8
  Swamp (0/4) Lair:6        Snake (0/4) Lair:3        Slime (0/6) Lair:8
    Orc (4/4) D:11            Elf (0/3) Orc:4        Vaults (0/5) D:14
 Depths (0/5) D:15

Altars:
Cheibriados
Dithmenos
Elyvilon
Fedhas
Gozag
Kikubaaqudgha
Nemelex Xobeh
Qazlal
Ru
Sif Muna
Trog
Xom
Yredelemnul
Zin
The Shining One
Beogh

Shops:
D:4 *   D:7 *   D:8 *   D:15 *%:!   Orc:4 ([*(


Innate Abilities, Weirdness & Mutations

You can walk through water.
Your dull iron-grey scales are very hard (AC +14).
Your body does not fit into most forms of armour.
You can survive without breathing.
You are cold-blooded and may be slowed by cold attacks.
You are resistant to hostile enchantments.
You are resistant to electric shocks.
Your muscles are strong. (Str +2)


Message History

The dire elephant completely misses you.
Casting: Throw Icicle
Confirm with . or Enter, or press ? or * to list all spells.
Aiming: Throw Icicle
Press: ? - help, Shift-Dir - straight line, f/p - dire elephant
Aim: a dire elephant (flame, severely wounded)
The shard of ice hits the dire elephant.
The dire elephant is severely wounded.
The dire elephant is engulfed in roaring flames.
The dire elephant tramples you!!
* * * LOW HITPOINT WARNING * * *
You hold your ground!
The dire elephant barely misses you.
Casting: Throw Icicle
Confirm with . or Enter, or press ? or * to list all spells.
You blink.
You are engulfed in a forest fire.
* * * LOW HITPOINT WARNING * * *
The dire elephant is engulfed in roaring flames.
The dire elephant is engulfed in roaring flames.
The dire elephant tramples you!!
You die...

#.................##
##.....####..#..P##
#.....#########..#
#####...♣#..[#
###.##
#.#.....##...# #§###
....÷<..##...#♣##.#
..÷.....##...##..###
..÷.....##...##..♣.#
.......(♣#...'..@.♣#
.........#####§#8Y#
....(....♣# #..§.§#
..........♣ #.##.##
..........♣##.#..#
..........##..#..#
.P........##.##..#
.........###.#...#
........♣#...#...#


You could see a dire elephant.

Vanquished Creatures
  Rupert (Orc:2)
  Frances (D:13)
  Kirke (D:15)
  Maud (D:11)
  A frost giant (IceCv)
  An orc warlord (Orc:4)
  Azrael (D:13)
  6 dire elephants
  An ettin (Orc:4)
  Snorg (D:13)
  A minotaur (Lab)
  Josephine (Lair:5)
  14 hydras
  An anaconda (Lair:8)
  Erica (D:11)
  2 centaur warriors (D:15)
  2 tengu warriors (D:15)
  2 ogre magi
  Urug (D:11)
  2 orc high priests (Orc:4)
  Sonja (Orc:3)
  A sea snake (shapeshifter) (D:15)
  2 unseen horrors
  A deep elf knight (Orc:4)
  A skeletal warrior (D:14)
  Pikel (D:6)
  4 hill giants
  A lindwurm (Lair:3)
  2 orb spiders (shapeshifter)
  2 orc sorcerers (Orc:4)
  5 statues (Volcano)
  A cyclops (D:13)
  3 orc knights
  An oklob plant (Lair:8)
  41 elephants
  14 ugly things
  4 griffons
  7 black mambas
  A salamander (D:15)
  A centaur zombie (D:15)
  5 gargoyles
  A naga mage (Lair:3)
  14 spiny frogs
  2 torpor snails
  9 komodo dragons
  2 tengu conjurers
  3 fire drakes
  A kobold demonologist (D:15)
  A yaktaur (D:15)
  4 two-headed ogres
  2 giant leeches (Lair:6)
  17 polar bears
  5 trolls
  15 blink frogs
  2 boulder beetles
  A queen bee (shapeshifter) (D:15)
  A trapdoor spider zombie (D:13)
  5 slime creatures (D:15)
  A spriggan (D:7)
  4 snapping turtles (D:12)
  A trapdoor spider (D:13)
  A trapdoor spider (shapeshifter) (Orc:4)
  2 wyverns
  2 water elementals (D:12)
  A yak (shapeshifter) (Lair:8)
  Eustachio (D:5)
  3 fire elementals (D:13)
  4 hogs (D:15)
  2 fire bats (Volcano)
  A vampire (D:15)
  4 wraiths
  2 shadows (Lab)
  Grum (D:11)
  4 deep elf magi
  5 basilisks
  13 hippogriffs
  43 wolves
  57 yaks
  4 vampire mosquitoes (D:14)
  2 wargs
  2 hungry ghosts
  3 swamp worms (Lair:6)
  14 porcupines
  Edmund (D:5)
  A naga (D:7)
  3 hell hounds (D:13)
  16 water moccasins
  Duvessa (D:4)
  8 sky beasts
  42 orc warriors
  2 slaves
  2 necrophages
  21 crocodiles
  A black bear (D:10)
  A wasp (D:8)
  3 ice beasts
  A boggart (D:14)
  16 ogres
  3 phantoms
  6 centaurs
  9 big kobolds
  A brain worm (D:14)
  20 giant frogs
  A gnoll sergeant (D:9)
  A water moccasin zombie (D:7)
  A wyvern skeleton (D:14)
  Dowan (D:4)
  9 electric eels
  3 scorpions
  16 wights
  22 killer bees
  A crimson imp (D:7)
  2 lava snakes (Volcano)
  4 hounds
  36 orc priests
  A giant frog zombie (D:8)
  A giant frog skeleton (D:10)
  Crazy Yiuf (D:4)
  8 centaur skeletons
  8 iguanas
  2 jellies
  13 worker ants
  47 orc wizards
  8 hell rats
  13 sheep
  A hound zombie (D:8)
  3 hound skeletons
  A worker ant zombie (D:11)
  43 river rats
  13 adders
  9 gnolls
  4 shadow imps
  12 white imps (Lair:1)
  2 oozes
  2 adder zombies
  8 giant geckos
  200 orcs
  2 ball pythons
  9 bats
  8 giant cockroaches
  6 goblins
  7 hobgoblins
  15 jackals
  4 quokkas
  3 giant newts
  25 kobolds
  5 rats
  3 fungi (Lair:8)
  4 plants
1149 creatures vanquished.

Vanquished Creatures (collateral kills)
  Grinder (D:3)
  A killer bee (D:11)
  3 gnolls
  2 river rats (Lair:8)
  4 orcs (D:3)
  A goblin (D:3)
  A bat (D:12)
13 creatures vanquished.

Vanquished Creatures (others)
  A griffon (D:11)
  A centaur skeleton (D:15)
  A tengu conjurer (D:15)
  2 polar bears (IceCv)
  3 yaks
  3 humans (D:15)
  7 wolves (IceCv)
  An ice beast (D:6)
  A slave (D:6)
  A gnoll sergeant (D:6)
  A giant frog (D:6)
  A wyvern skeleton (D:15)
  A wight (D:6)
  A gnoll shaman (D:6)
  4 river rats
  2 gnolls (D:6)
  3 orcs
  A giant gecko zombie (D:6)
  A quokka zombie (D:6)
  25 fungi
  19 plants
80 creatures vanquished.

Grand Total: 1242 creatures vanquished

Notes
Turn   | Place    | Note
--------------------------------------------------------------
     0 | D:1      | mopl the Draconian Wizard began the quest for the Orb.
     0 | D:1      | Reached XP level 1. HP: 14/14 MP: 4/4
   429 | D:1      | Reached XP level 2. HP: 18/20 MP: 1/6
   519 | D:1      | Learned a level 2 spell: Blink
   522 | D:1      | Learned a level 2 spell: Call Imp
   525 | D:1      | Learned a level 2 spell: Repel Missiles
   608 | D:1      | Reached skill level 2 in Conjurations
  1325 | D:2      | Reached XP level 3. HP: 23/26 MP: 1/7
  1353 | D:2      | Found a sparkling altar of Nemelex Xobeh.
  1978 | D:2      | Reached skill level 3 in Conjurations
  2083 | D:2      | Reached XP level 4. HP: 22/33 MP: 1/9
  2193 | D:2      | Found a glowing silver altar of Zin.
  2594 | D:2      | Found a sparkling altar of Nemelex Xobeh.
  3034 | D:3      | Noticed Grinder
  3360 | D:3      | Paralysed by Grinder for 4 turns
  3376 | D:3      | Paralysed by Grinder for 6 turns
  3384 | D:3      | Killed Grinder
  3384 | D:3      | Reached skill level 4 in Spellcasting
  3384 | D:3      | Reached skill level 4 in Conjurations
  3384 | D:3      | Reached XP level 5. HP: 38/38 MP: 0/11
  3474 | D:3      | Learned a level 3 spell: Conjure Flame
  3738 | D:3      | Reached skill level 5 in Conjurations
  3738 | D:3      | Reached XP level 6. HP: 26/45 MP: 7/12
  3943 | D:4      | Found Ceqoptea's General Store.
  3959 | D:4      | Bought a potion of heal wounds for 70 gold pieces
  4141 | D:4      | Reached skill level 1 in Staves
  4346 | D:4      | Learned a level 3 spell: Mephitic Cloud
  4433 | D:4      | Noticed Duvessa
  4433 | D:4      | Noticed Dowan
  4536 | D:4      | Killed Dowan
  4537 | D:4      | Alipheese: .17 masterrace!
  4541 | D:4      | mopl: ^^
  4565 | D:4      | Killed Duvessa
  4565 | D:4      | Reached skill level 6 in Conjurations
  4565 | D:4      | Your scales start taking on a dull iron-grey colour.
  4565 | D:4      | Gained mutation: You can survive without breathing. [Grey Draconian growth]
  4565 | D:4      | Reached XP level 7. HP: 50/50 MP: 2/14
  4717 | D:4      | Noticed Crazy Yiuf
  4736 | D:4      | Killed Crazy Yiuf
  4736 | D:4      | Reached skill level 2 in Staves
  5178 | D:5      | Entered Level 5 of the Dungeon
  5267 | D:5      | Found a staircase to the Ecumenical Temple.
  5270 | D:5      | Noticed Edmund
  5275 | Temple   | Entered the Ecumenical Temple
  5289 | Temple   | Became a worshipper of Sif Muna the Loreminder
  5415 | D:5      | Killed Edmund
  5415 | D:5      | Reached skill level 5 in Spellcasting
  5443 | D:5      | Reached skill level 1 in Invocations
  5700 | D:5      | Found a bloodstained altar of Trog.
  5738 | D:5      | Noticed Eustachio
  5764 | D:5      | Reached XP level 8. HP: 43/57 MP: 15/15
  5794 | D:5      | Killed Eustachio
  5794 | D:5      | Reached skill level 3 in Staves
  5794 | D:5      | Reached skill level 7 in Conjurations
  5794 | D:5      | Reached skill level 2 in Invocations
  5867 | D:5      | Reached * piety under Sif Muna
  5942 | D:5      | Found a sacrificial altar of Ru.
  6108 | D:5      | Alipheese: That ogre was hard4you
  6108 | D:5      | Alipheese: xD
  6133 | D:6      | mopl: I love chaos brand
  6133 | D:6      | Alipheese: Yeah
  6174 | D:6      | Got a translucent falchion
  6366 | D:6      | Reached skill level 3 in Invocations
  6385 | D:6      | Noticed Pikel
  6406 | D:6      | Killed Pikel
  6406 | D:6      | Reached skill level 4 in Staves
  6406 | D:6      | Reached skill level 6 in Spellcasting
  6406 | D:6      | Reached skill level 8 in Conjurations
  6484 | D:6      | Reached ** piety under Sif Muna
  6484 | D:6      | Reached XP level 9. HP: 62/62 MP: 18/18
  6629 | D:6      | Reached skill level 4 in Invocations
  6931 | D:6      | Found a sacrificial altar of Ru.
  7669 | D:6      | Reached skill level 9 in Conjurations
  8064 | D:7      | Reached skill level 5 in Staves
  8086 | D:7      | Found a glowing golden altar of the Shining One.
  8122 | D:7      | Paralysed by a crimson imp for 7 turns
  8135 | D:7      | Paralysed by a crimson imp for 6 turns
  8147 | D:7      | Paralysed by a crimson imp for 6 turns
  8302 | D:7      | Found Laneggap's Luxury Loot.
  8326 | D:7      | Reached skill level 5 in Invocations
  8330 | D:7      | Bought a potion of lignification for 39 gold pieces
  8391 | D:7      | Reached skill level 7 in Spellcasting
  8634 | D:7      | Reached *** piety under Sif Muna
  9222 | D:7      | Learned a level 4 spell: Force Lance
  9442 | D:7      | Reached XP level 10. HP: 60/69 MP: 20/20
  9683 | D:8      | Reached skill level 10 in Conjurations
  9744 | D:8      | Found a shimmering altar of Xom.
  9746 | D:8      | Found a shimmering altar of Xom.
  9748 | D:8      | Found a shimmering altar of Xom.
  9833 | D:8      | Found a shadowy altar of Dithmenos.
  9835 | D:8      | Reached skill level 2 in Dodging
  9945 | D:8      | Found a staircase to the Lair.
 10259 | D:8      | Found a shimmering altar of Xom.
 10259 | D:8      | Found a shimmering altar of Xom.
 10269 | D:8      | Reached skill level 1 in Air Magic
 10281 | D:8      | Reached skill level 1 in Fighting
 10361 | D:8      | Reached skill level 1 in Charms
 10525 | D:8      | Found Miwipne's General Store.
 10533 | D:8      | Bought a scroll of silence for 90 gold pieces
 10533 | D:8      | Bought a potion of curing for 36 gold pieces
 10533 | D:8      | Bought a scroll of remove curse for 36 gold pieces
 10533 | D:8      | Bought a potion of flight for 36 gold pieces
 10533 | D:8      | Bought a scroll of identify for 24 gold pieces
 10647 | Lair:1   | Entered Level 1 of the Lair of Beasts
 10708 | Lair:1   | Noticed an elephant
 10709 | Lair:1   | Noticed an elephant
 10750 | Lair:1   | Reached skill level 6 in Invocations
 10826 | Lair:1   | Reached skill level 2 in Fighting
 10898 | Lair:1   | Found a frozen archway.
 10909 | IceCv    | Entered an ice cave
 10916 | IceCv    | Reached skill level 6 in Staves
 10922 | IceCv    | Reached skill level 2 in Translocations
 11449 | IceCv    | Reached skill level 2 in Charms
 11521 | IceCv    | Identified the +6 falchion "Ifeur" {drain, *Corrode rF+ rC+++ Dex-4} (You found it on level 6 of the Dungeon)
 11554 | IceCv    | Reached skill level 2 in Air Magic
 11617 | IceCv    | Reached **** piety under Sif Muna
 11619 | IceCv    | Reached skill level 3 in Fighting
 11619 | IceCv    | Reached skill level 3 in Dodging
 11919 | IceCv    | Reached XP level 11. HP: 75/82 MP: 13/22
 11962 | IceCv    | Reached skill level 3 in Translocations
 12007 | IceCv    | Reached skill level 4 in Fighting
 12094 | IceCv    | Reached skill level 3 in Charms
 12133 | IceCv    | Reached skill level 7 in Invocations
 12146 | IceCv    | Reached skill level 8 in Spellcasting
 12200 | IceCv    | Reached skill level 3 in Air Magic
 12452 | IceCv    | Reached ***** piety under Sif Muna
 12452 | IceCv    | Reached skill level 7 in Staves
 12794 | IceCv    | Noticed a frost giant
 12817 | IceCv    | Killed a frost giant
 12817 | IceCv    | Reached skill level 5 in Fighting
 12817 | IceCv    | Reached skill level 4 in Dodging
 13188 | IceCv    | Learned a level 6 spell: Bolt of Cold
 13307 | Lair:1   | Noticed a black mamba
 13321 | Lair:1   | Killed a black mamba
 13321 | Lair:1   | Reached skill level 4 in Translocations
 13321 | Lair:1   | Reached skill level 1 in Ice Magic
 13627 | Lair:1   | Reached skill level 2 in Ice Magic
 13753 | Lair:1   | Noticed an elephant
 13767 | Lair:1   | Killed an elephant
 13767 | Lair:1   | Reached XP level 12. HP: 58/95 MP: 16/24
 13769 | Lair:1   | Killed an elephant
 14323 | D:9      | Found a blossoming altar of Fedhas.
 14668 | D:9      | Reached skill level 3 in Ice Magic
 14773 | D:9      | Reached skill level 8 in Invocations
 14838 | D:10     | Entered Level 10 of the Dungeon
 14955 | D:10     | Reached skill level 6 in Fighting
 15793 | D:11     | Identified a scroll of acquirement
 15794 | D:11     | Got a heavily runed hat
 15854 | D:11     | Reached skill level 4 in Ice Magic
 15879 | D:11     | Noticed Erica
 15883 | D:11     | Noticed Grum
 15901 | D:11     | Noticed a five-headed hydra
 15905 | D:11     | Found a staircase to the Orcish Mines.
 15908 | D:11     | Noticed Maud
 15941 | D:11     | Reached skill level 5 in Dodging
 16066 | D:11     | Found a labyrinth entrance.
 16075 | Lab      | Entered a labyrinth
 16559 | Lab      | Reached skill level 8 in Staves
 16764 | Lab      | Reached skill level 5 in Translocations
 16900 | Lab      | Noticed a minotaur
 16931 | Lab      | Killed a minotaur
 16986 | Lab      | Learned a level 3 spell: Regeneration
 17116 | D:10     | Identified the +0 hat of Shadows and Fog {+Inv rCorr} (You acquired it on level 11 of the Dungeon)
 17186 | D:11     | Killed Maud
 17186 | D:11     | Reached skill level 5 in Ice Magic
 17355 | D:11     | Reached ****** piety under Sif Muna
 17590 | D:11     | Reached skill level 7 in Fighting
 17596 | D:11     | Reached skill level 11 in Conjurations
 17599 | D:11     | Received a gift from Sif Muna
 17600 | D:11     | Identified Sif Muna's Compendium of Arcane Weapons (Sif Muna gifted it to you on level 11 of the Dungeon)
 17734 | D:11     | Killed Grum
 18253 | D:11     | Killed Erica
 18297 | D:11     | Reached skill level 6 in Ice Magic
 18398 | D:11     | Killed a five-headed hydra
 18398 | D:11     | Reached XP level 13. HP: 105/105 MP: 14/25
 18624 | Orc:1    | Entered Level 1 of the Orcish Mines
 18880 | Orc:1    | Found a deep blue altar of Sif Muna.
 18899 | Orc:1    | Identified Sif Muna's Grimoire of Stones
 19491 | Orc:2    | Noticed Rupert
 20247 | Orc:1    | Reached skill level 9 in Invocations
 20618 | Orc:2    | Paralysed by Rupert for 5 turns
 20713 | Orc:2    | Paralysed by Rupert for 2 turns
 20829 | Orc:2    | Killed Rupert
 21340 | Orc:2    | Reached skill level 6 in Dodging
 21731 | Orc:3    | Noticed Sonja
 21749 | Orc:3    | Killed Sonja
 21752 | Orc:3    | Reached skill level 7 in Ice Magic
 22377 | Orc:4    | Entered Level 4 of the Orcish Mines
 22524 | Orc:4    | Found a roughly hewn altar of Beogh.
 22557 | Orc:4    | Found a roughly hewn altar of Beogh.
 22572 | Orc:4    | Reached skill level 9 in Staves
 23087 | Orc:4    | Found a roughly hewn altar of Beogh.
 23216 | Orc:4    | Found a roughly hewn altar of Beogh.
 23367 | Orc:4    | Found a staircase to the Elven Halls.
 23626 | Orc:4    | Found a roughly hewn altar of Beogh.
 23626 | Orc:4    | Found Konwidgh's Assorted Antiques.
 23695 | Orc:4    | Bought a potion of curing for 81 gold pieces
 23695 | Orc:4    | Bought a forked lead wand for 108 gold pieces
 23695 | Orc:4    | Bought a granite ring for 135 gold pieces
 23695 | Orc:4    | Bought a scroll of teleportation for 81 gold pieces
 23744 | Orc:4    | Found a roughly hewn altar of Beogh.
 23780 | Orc:4    | Found Unuas's Weapon Shop.
 24141 | Orc:4    | Noticed an orc warlord
 24474 | Orc:4    | Reached skill level 8 in Ice Magic
 24671 | Orc:4    | Killed an orc warlord
 24671 | Orc:4    | Reached skill level 9 in Spellcasting
 24890 | Orc:4    | Found Geyhac's Antique Weapon Emporium.
 24891 | Orc:4    | Found a roughly hewn altar of Beogh.
 24892 | Orc:4    | Found Zymmouce's Antique Armour Shoppe.
 25100 | Lair:1   | Learned a level 4 spell: Throw Icicle
 25185 | D:12     | Noticed Urug
 25235 | D:11     | Killed Urug
 25702 | D:12     | Reached skill level 7 in Dodging
 25702 | D:12     | Reached XP level 14. HP: 100/114 MP: 14/27
 26358 | D:13     | Received a gift from Sif Muna
 26374 | D:13     | Reached skill level 9 in Ice Magic
 26632 | D:13     | Reached skill level 1 in Necromancy
 26955 | D:13     | Noticed Frances
 26957 | D:13     | Gained mutation: You are resistant to hostile enchantments. [a neqoxec]
 26985 | D:13     | Killed Frances
 27223 | D:13     | Noticed Azrael
 27314 | D:13     | Killed Azrael
 27314 | D:13     | Reached skill level 2 in Necromancy
 27466 | D:13     | Noticed Snorg
 27475 | D:13     | Killed Snorg
 27733 | Lair:1   | Killed an elephant
 28006 | Lair:2   | Reached skill level 10 in Staves
 28014 | Lair:2   | Reached skill level 12 in Conjurations
 28522 | Lair:2   | Reached skill level 10 in Ice Magic
 28801 | Lair:3   | Found a staircase to the Snake Pit.
 28826 | Lair:3   | Reached skill level 3 in Necromancy
 29006 | Lair:3   | Found a dark tunnel.
 29039 | Volcano  | Entered a volcano
 29079 | Volcano  | Noticed emiel's ghost (journeyman FoFi)
 29582 | Volcano  | Received a gift from Sif Muna
 29583 | Volcano  | Identified Ugad's Disquisition on Cold and Enhancements (Sif Muna gifted it to you in a volcano)
 29961 | Volcano  | Found a radiant altar of Vehumet.
 30168 | Lair:1   | Learned a level 3 spell: Ozocubu's Armour
 30594 | Lair:3   | Reached skill level 10 in Spellcasting
 31574 | Lair:4   | Found a runed door.
 31613 | Lair:4   | Reached XP level 15. HP: 121/121 MP: 24/29
 31636 | Lair:4   | Reached skill level 8 in Dodging
 31657 | Lair:4   | Got a vibrating silver ring
 31666 | Lair:4   | Identified the ring of Edeom {SustAt rN+ Dex+3} (You found it on level 4 of the Lair of Beasts)
 32242 | Lair:5   | Reached skill level 4 in Air Magic
 32525 | Lair:5   | Reached skill level 11 in Ice Magic
 32672 | Lair:5   | Noticed Josephine
 32710 | Lair:5   | Killed Josephine
 33610 | Lair:6   | Found a staircase to the Swamp.
 33802 | Lair:6   | Received a gift from Sif Muna
 34414 | Lair:7   | Reached skill level 11 in Staves
 34843 | Lair:7   | Reached skill level 5 in Air Magic
 34952 | Lair:8   | Entered Level 8 of the Lair of Beasts
 35727 | Lair:8   | Found a staircase to the Slime Pits.
 35928 | Lair:8   | Got a sapphire hand crossbow
 35929 | Lair:8   | Identified the +6 hand crossbow of the Four Realms {freeze, Int+5} (You found it on level 8 of the Lair of Beasts)
 36150 | Lair:8   | Reached skill level 12 in Ice Magic
 36360 | Lair:8   | Reached skill level 9 in Dodging
 36735 | Lair:8   | Reached skill level 13 in Conjurations
 36747 | Lair:8   | Reached XP level 16. HP: 106/127 MP: 24/30
 36935 | Lair:8   | Received a gift from Sif Muna
 37495 | Lair:1   | Learned a level 6 spell: Freezing Cloud
 38106 | D:14     | Got a fine morningstar
 38117 | D:13     | Identified the +12 morningstar of the Asp {crush, Str+6 Dex-2 Stlth+} (You found it on level 14 of the Dungeon)
 38448 | D:14     | Found a gate to the Vaults.
 38675 | D:14     | Got a pair of smoking boots
 38686 | D:14     | Identified the cursed -3 pair of boots of Indecent Exposure {*Corrode rElec Regen+} (You found it on level 14 of the Dungeon)
 38718 | D:15     | Entered Level 15 of the Dungeon
 38736 | D:15     | Reached skill level 11 in Spellcasting
 38764 | D:15     | Noticed Kirke
 38773 | D:15     | Killed Kirke
 38812 | D:15     | Found Wida Laure's Distillery.
 38815 | D:15     | Bought a potion of beneficial mutation for 350 gold pieces
 38819 | D:15     | Gained mutation: Your muscles are strong. (Str +2) [potion of beneficial mutation]
 38820 | D:15     | Bought a potion of curing for 30 gold pieces
 38820 | D:15     | Bought a potion of magic for 80 gold pieces
 38820 | D:15     | Bought a potion of might for 40 gold pieces
 39291 | D:15     | Found Qayhan's Book Emporium.
 39323 | D:15     | Found Ucegepp's Food Emporium.
 39343 | D:15     | Reached skill level 6 in Air Magic
 39502 | D:15     | Gained mutation: You are resistant to electric shocks. [potion of beneficial mutation]
 39669 | D:15     | Found Saoxa's General Store.
 39677 | D:15     | Bought a potion of heal wounds for 70 gold pieces
 39677 | D:15     | Bought a potion of curing for 42 gold pieces
 39706 | D:15     | Found a staircase to the Depths.
 39804 | D:14     | Received a gift from Sif Muna
 40545 | Lair:8   | HP: 5/127 [cloud of spreading flames (10)]
 40547 | Lair:8   | Demolished by a dire elephant

Action                   |  1- 3 |  4- 6 |  7- 9 | 10-12 | 13-15 | 16-18 || total
-------------------------+-------+-------+-------+-------+-------+-------++-------
Melee: Unarmed           |    48 |       |       |       |       |       ||    48
       Spear             |       |   153 |       |       |       |       ||   153
       Quarterstaff      |       |       |   341 |   496 |  2262 |   427 ||  3526
       Short sword       |       |       |     3 |     1 |       |       ||     4
       Falchion          |       |       |       |   113 |     4 |       ||   117
 Fire: Blowgun           |       |       |     3 |     3 |    59 |       ||    65
 Cast: Magic Dart        |    69 |    43 |    58 |    91 |     4 |       ||   265
       Call Imp          |     4 |     9 |       |       |       |       ||    13
       Conjure Flame     |       |     3 |     7 |    51 |    56 |    14 ||   131
       Mephitic Cloud    |       |     2 |     8 |    32 |    62 |     1 ||   105
       Force Lance       |       |       |       |   104 |    14 |     1 ||   119
       Blink             |       |       |       |     6 |    26 |    14 ||    46
       Regeneration      |       |       |       |     1 |   138 |    35 ||   174
       Bolt of Cold      |       |       |       |       |    28 |       ||    28
       Throw Icicle      |       |       |       |       |   291 |    41 ||   332
       Repel Missiles    |       |       |       |       |     6 |       ||     6
       Ozocubu's Armour  |       |       |       |       |    10 |     2 ||    12
       Freezing Cloud    |       |       |       |       |       |    15 ||    15
Invok: Channel Energy    |       |       |       |   151 |   339 |    36 ||   526
       Forget Spell      |       |       |       |       |     2 |       ||     2
Evoke: Wand              |       |       |       |     1 |     2 |     6 ||     9
       Lamp of fire      |       |       |       |       |       |     1 ||     1
  Use: Scroll            |       |       |     8 |    21 |     8 |     4 ||    41
       Potion            |       |       |       |     2 |     3 |     3 ||     8
 Stab: Sleeping          |       |     4 |     6 |     9 |    19 |     1 ||    39
       Confused          |       |     2 |     4 |     6 |    30 |     1 ||    43
       Paralysed         |       |       |     2 |     5 |    44 |     8 ||    59
       Petrifying        |       |       |     1 |     1 |    13 |     6 ||    21
       Distracted        |       |       |     1 |     1 |     5 |       ||     7
       Petrified         |       |       |       |       |     3 |     2 ||     5
  Eat: Chunk             |     3 |    18 |    14 |    66 |   145 |    25 ||   271
       Bread ration      |       |       |       |       |     1 |       ||     1
       Pizza             |       |       |       |       |     2 |       ||     2
       Beef jerky        |       |       |       |       |       |     1 ||     1
